 Dungeon Sprint DCSS version 0.31-a0-16-g6d2539766c (webtiles) character file.

Game seed: 17885034537591146789

7 sircluck the Chopper (level 2, 0/42 HPs)
             Began as a Hill Orc Berserker on May 8, 2023.
             Was a Believer of Trog.
             Succumbed to a scorpion's poison
             ... in the Dungeon (Sprint IX: "|||||||||||||||||||||||||||||").
             The game lasted 00:00:24 (135 turns).

sircluck the Chopper (Hill Orc Berserker)            Turns: 135, Time: 00:00:25

Health: 0/42       AC:  2    Str: 19    XL:     2   Next: 0%
Magic:  2/2        EV: 12    Int:  7    God:    Trog [**....]
Gold:   0          SH:  0    Dex: 10    Spells: 1/1 levels left

rFire   . . .        a - +0 hand axe
rCold   . . .        (no shield)
rNeg    . . .        b - +0 animal skin
rPois   .            (no helmet)
rElec   .            (no cloak)
rCorr   .            (no gloves)
SInv    .            (no boots)
Will    .....        (no amulet) Stlth
                     (no ring)
HPRegen 0.27/turn    (no ring)
MPRegen 0.08/turn

%: no teleportation
@: berserking, lethally poisoned (0 -> -18), very quick
A: no striking features
a: Renounce Religion, Berserk, Trog's Hand


You were in the Dungeon.
You worshipped Trog.
Trog was pleased with you.
You visited 1 branch

Inventory:

Hand Weapons
 a - a +0 hand axe (weapon)
Armour
 b - a +0 animal skin (worn)
Scrolls
 h - a scroll of blinking
Potions
 c - a potion of curing
 d - a potion of heal wounds
 e - a potion of haste
 f - 2 potions of magic
 g - a potion of berserk rage


   Skills:
 + Level 4.5 Fighting
 + Level 5.3 Axes
 + Level 2.4 Armour
 + Level 1.8 Dodging


You had one spell level left.
You didn't know any spells.
Your spell library was empty.

Dungeon Overview and Level Annotations

Branches:
Dungeon (1/1)

Altars:


Message History

You feel yourself moving faster!
You feel mighty! The scorpion stings you!
You are poisoned.
The scorpion poisons you!
You hit the scorpion.
The scorpion is moderately wounded.
You feel very sick. The scorpion stings you.
You barely miss the scorpion.
The scorpion is moderately wounded.
You feel sick. The scorpion stings you.
You are lethally poisoned!
The scorpion poisons you!
You hit the scorpion.
The scorpion is moderately wounded.
You feel very sick.
You closely miss the scorpion.
The scorpion is moderately wounded.
* * * LOW HITPOINT WARNING * * *
You feel very sick. The scorpion misses you.
You hit the scorpion but do no damage.
The scorpion is moderately wounded.
* * * LOW HITPOINT WARNING * * *
You feel sick.
The scorpion stings you but does no damage.
You closely miss the scorpion.
The scorpion is moderately wounded.
* * * LOW HITPOINT WARNING * * *
You feel sick. The scorpion stings you.
* * * LOW HITPOINT WARNING * * *
You are more poisoned.
The scorpion poisons you!
Unknown command.
You barely miss the scorpion.
The scorpion is moderately wounded.
* * * LOW HITPOINT WARNING * * *
You feel very sick.
You hit the scorpion.
The scorpion is severely wounded.
You die...

▓.▓
▓.▓
▓.▓
▓'▓
▓†▓
▓.▓
▓.▓
▓.▓
▓@▓
▓s▓
▓l▓
▓J▓
▓h▓
▓J▓
▓.▓
▓+▓


You could see a scorpion, an iguana, a hound and 2 jellies.

Vanquished Creatures
  A dart slug (D)
  A giant cockroach (D)
  A hobgoblin (D)
  A ball python (D)
  A rat (D)
5 creatures vanquished.

Notes
Turn   | Place    | Note
-------+----------+-------------------------------------------
     0 | D        | sircluck the Hill Orc Berserker began the quest for the
                  | Orb.
     0 | D        | Reached XP level 1. HP: 19/19 MP: 1/1
    16 | D        | Reached ** piety under Trog
    26 | D        | Reached skill level 5 in Axes
    29 | D        | Reached XP level 2. HP: 6/28 MP: 2/2
   126 | D        | Noticed a scorpion
   134 | D        | HP: 2/42 [poisoned by a scorpion]
   135 | D        | Succumbed to a scorpion's poison

Illustrated notes

Levels and vault maps discovered:
D:        linesprint [early_d, line_temple, items_1, d_10, items_2, lair_1,
          lair_end, items_3, orc_1, orc_end, items_4, d_15, swamp_1, shoals_1,
          snake_1, spider_1, d_20, vaults_1, items_5, swamp_end, shoals_end,
          snake_end, spider_end, vaults_end, d_27, items_6, zot_1, zot_end,
          crypt_end, forest_end, elf_end, slime_end, tomb_end, abyss_end,
          pan_hell_end]

Skill      XL: |  1 |
---------------+----+-----
Fighting       | 4 |  4.5
Axes           | 5 |  5.3
Armour         | |  2.4
Dodging        | |  1.8

Action                     || total
---------------------------++-------
  Melee: Hand axe          ||    30
 Invoke: Berserk           ||     2
 Armour: Animal skin       ||     7
  Dodge: Dodged            ||    10

Table legend: (Time is in decaauts)
 A = Elapsed time spent in this place.
 B = Non-inter-level travel time spent in this place.
 C = Inter-level travel time spent in this place.
 D = Time resting spent in this place.
 E = Time spent auto-exploring this place.
 F = Levels seen in this place.
 G = Mean time per level.
                   A        B        C        D        E       F      G
               +--------+--------+--------+--------+--------+-----+--------+
         Total |    140 |    140 |      0 |     98 |      3 |   1 |  140.0 |
       Dungeon |    140 |    140 |      0 |     98 |      3 |   1 |  140.0 |
               +--------+--------+--------+--------+--------+-----+--------+

Top non-repeatable levels by time:
       D: 140 daAuts
